 Dungeon Crawl Stone Soup version 0.30-a0-586-g23e55c9e0a (webtiles) character file.

Game seed: 2492267053465916150

47 wormed the Magician (level 3, 0/28 HPs)
             Began as a Gnoll Wanderer on Jan 3, 2023.
             Killed from afar by Ijyb (7 damage)
             ... with a puff of flame
             ... on level 4 of the Dungeon.
             The game lasted 00:03:25 (1869 turns).

wormed the Magician (Gnoll Wanderer)                Turns: 1869, Time: 00:03:25

Health: 0/28       AC:  6    Str: 12    XL:     3   Next: 70%
Magic:  11/11      EV: 10    Int: 12    God:
Gold:   155        SH:  0    Dex: 11    Spells: 13/16 levels left

rFire   . . .      SeeInvis .    n - staff of poison
rCold   . . .      Faith    .    (no shield)
rNeg    . . .      Spirit   .    c - +0 ring mail
rPois   +          Reflect  .    (no helmet)
rElec   .          Harm     .    (no cloak)
rCorr   .          Rampage  .    (no gloves)
Will    .....                    (no boots)
Stlth   +                        (no amulet)
HPRegen 0.24/turn                (no ring)
MPRegen 0.12/turn                (no ring)

@: no status effects
A: fangs 1, strong nose, distributed training
a: no special abilities


You were on level 4 of the Dungeon.
You visited 1 branch of the dungeon, and saw 4 of its levels.

You collected 155 gold pieces.

Inventory:

Hand Weapons
 a - a +0 club
Armour
 c - a +0 ring mail (worn)
Magical Staves
 n - a staff of poison (weapon)
Jewellery
 f - a ring of wizardry
Scrolls
 b - 2 scrolls of blinking
 d - a scroll of identify
 h - 2 scrolls of teleportation
 i - a scroll of immolation
 o - a scroll of poison
Potions
 e - 4 potions of curing
 g - a potion of berserk rage
 l - a potion of mutation {unknown}


   Skills:
 + Level 2.6 Fighting
 + Level 1.0 Short Blades
 + Level 1.0 Long Blades
 + Level 1.0 Axes
 + Level 1.0 Maces & Flails
 + Level 1.0 Polearms
 + Level 1.0 Staves
 + Level 1.0 Ranged Weapons
 + Level 1.0 Throwing
 + Level 4.6 Armour
 + Level 1.0 Dodging
 + Level 1.0 Stealth
 + Level 1.0 Shields
 + Level 1.0 Unarmed Combat
 + Level 7.1 Spellcasting
 + Level 0.7 Conjurations
 + Level 0.7 Hexes
 + Level 0.7 Summonings
 + Level 0.7 Necromancy
 + Level 3.8 Translocations
 + Level 0.7 Transmutations
 + Level 0.7 Fire Magic
 + Level 3.8 Ice Magic
 + Level 0.7 Air Magic
 + Level 0.7 Earth Magic
 + Level 0.7 Poison Magic
 + Level 1.0 Invocations
 + Level 1.0 Evocations


You had 13 spell levels left.
You knew the following spells:

 Your Spells              Type           Power      Damage    Failure   Level
a - Freeze                Ice            52%        1d6       7%          1
b - Blink                 Tloc           26%        N/A       11%         2

Your spell library contained the following spells:

 Spells                   Type           Power      Damage    Failure   Level
 Momentum Strike          Conj/Tloc      18%        3d8       21%         2
 Hailstorm                Conj/Ice       9%         3d4       38%         3
 Ice Form                 Ice/Tmut       9%         N/A       80%         4


Dungeon Overview and Level Annotations

Branches:
Dungeon (4/15)
 Temple: D:4-7

Altars:
Wu Jian

Annotations:
D:4 Ijyb


Innate Abilities, Weirdness & Mutations

You have very sharp teeth.
Your uncanny sense of smell can sniff out nearby items.
Your experience applies equally to all skills.


Message History

There is a stone staircase leading up here.
HP restored.
Found a dagger.
Found 2 stones and a leather armour.
h - 2 scrolls of teleportation (gained 1)
Found a stone staircase leading down.
You now have 155 gold pieces (gained 17).
There is a stone staircase leading down here.
You open the door.
Found an ornate altar of the Wu Jian Council.
Ijyb the Twisted Goblin comes into view.
She is wielding a +0 club and carrying a wand of flame (14).
Ijyb shouts!
Ijyb screams, "Level is mine!
All mine!"
Okay, then.
Unknown command.
Ijyb screams, "Me kill you!"
Ijyb zaps a wand.
The puff of flame hits you!
Ijyb zaps a wand.
The puff of flame hits you.
Found an inky potion.
Found a stone staircase leading down.
Ijyb zaps a wand.
The puff of flame hits you. Ijyb hits you with a +0 club.
* * * LOW HITPOINT WARNING * * *
You hit Ijyb.
Ijyb is lightly wounded.
Ijyb hits you with a +0 club.
* * * LOW HITPOINT WARNING * * *
You completely miss Ijyb.
Ijyb is lightly wounded.
Ijyb hits you but does no damage.
You hit Ijyb but do no damage. Your bite misses Ijyb.
Ijyb is lightly wounded.
Ijyb hits you with a +0 club.
* * * LOW HITPOINT WARNING * * *
You hit Ijyb.
Ijyb is moderately wounded.
Ijyb zaps a wand.
The puff of flame misses you.
You hit Ijyb.
Ijyb is moderately wounded.
Ijyb zaps a wand.
The puff of flame hits you!
You die...

####...............
..)................
................... #
##########............
#.#...........##########
#>.........<..#
#...........#
#...g.......#
.#....@......#
#.............##
#..............#
#!#..........### #
###..####### ##. #. .. .


You could see Ijyb.

Vanquished Creatures
  An adder (D:2)
  4 endoplasms
  3 giant cockroaches
  5 goblins
  A hobgoblin (D:1)
  A quokka (D:1)
  7 ball pythons
  4 bats
  2 frilled lizards
  4 kobolds
  4 rats (D:1)
36 creatures vanquished.

Notes
Turn   | Place    | Note
-------+----------+-------------------------------------------
     0 | D:1      | wormed the Gnoll Wanderer began the quest for the Orb.
     0 | D:1      | wormed set off with the following items: a +0 club, a
                  | scroll of blinking, a +0 ring mail; and the following spell
                  | memorised: Freeze; and the following spells available to
                  | memorise: Blink, Momentum Strike, Hailstorm, Ice Form.
     0 | D:1      | Reached XP level 1. HP: 17/17 MP: 8/8
   128 | D:1      | Reached XP level 2. HP: 13/23 MP: 10/10
   785 | D:2      | Reached XP level 3. HP: 21/28 MP: 11/11
  1007 | D:2      | Found a faded altar of an unknown god.
  1027 | D:2      | Reached skill level 1 in Invocations
  1030 | D:2      | Learned a level 2 spell: Blink
  1404 | D:2      | Reached skill level 1 in Short Blades
  1404 | D:2      | Reached skill level 1 in Long Blades
  1404 | D:2      | Reached skill level 1 in Axes
  1404 | D:2      | Reached skill level 1 in Maces & Flails
  1404 | D:2      | Reached skill level 1 in Polearms
  1404 | D:2      | Reached skill level 1 in Staves
  1404 | D:2      | Reached skill level 1 in Ranged Weapons
  1404 | D:2      | Reached skill level 1 in Throwing
  1404 | D:2      | Reached skill level 1 in Dodging
  1404 | D:2      | Reached skill level 1 in Stealth
  1404 | D:2      | Reached skill level 1 in Shields
  1404 | D:2      | Reached skill level 1 in Unarmed Combat
  1404 | D:2      | Reached skill level 1 in Evocations
  1636 | D:3      | Noticed a centaur
  1833 | D:4      | Found an ornate altar of the Wu Jian Council.
  1858 | D:4      | Noticed Ijyb
  1869 | D:4      | Killed from afar by Ijyb

Illustrated notes

Levels and vault maps discovered:
D:1:      psy_arrival_radial02, layout_rooms
D:2:      layout_basic, hellmonk_ecumenical_altar_arch_garden
D:3:      layout_basic, overflow_temple_1_default
D:4:      layout_basic, nicolae_ru_sacrificial_ziggurat, kennysheep_mini_moat,
          minmay_temple_entry_arrows, serial_shops, nicolae_lakefront_shop,
          kennysheep_generic_room_2, uniq_crazy_yiuf_cottage, uniq_ijyb,
          uniq_edmund

Skill      XL: |  1  2  3 |
---------------+----------+-----
Invocations    | 1 |  1.0
Short Blades   | 1 |  1.0
Long Blades    | 1 |  1.0
Axes           | 1 |  1.0
Maces & Flails | 1 |  1.0
Polearms       | 1 |  1.0
Staves         | 1 |  1.0
Ranged Weapons | 1 |  1.0
Throwing       | 1 |  1.0
Dodging        | 1 |  1.0
Stealth        | 1 |  1.0
Shields        | 1 |  1.0
Unarmed Combat | 1 |  1.0
Evocations     | 1 |  1.0
Fighting       | |  2.6
Armour         | |  4.6
Spellcasting   | |  7.1
Conjurations   | |  0.7
Hexes          | |  0.7
Summonings     | |  0.7
Necromancy     | |  0.7
Translocations | |  3.8
Transmutations | |  0.7
Fire Magic     | |  0.7
Ice Magic      | |  3.8
Air Magic      | |  0.7
Earth Magic    | |  0.7
Poison Magic   | |  0.7

Action                   || total
-------------------------++-------
Melee: Club              ||   159
       Bite              ||    12
       Punch             ||     5
       Staff             ||     9
  Use: Scroll            ||     9
       Potion            ||     1
Armor: Ring mail         ||    95
Dodge: Dodged            ||   123

Table legend: (Time is in decaauts)
 A = Elapsed time spent in this place.
 B = Non-inter-level travel time spent in this place.
 C = Inter-level travel time spent in this place.
 D = Time resting spent in this place.
 E = Time spent auto-exploring this place.
 F = Levels seen in this place.
 G = Mean time per level.
                   A        B        C        D        E       F      G
               +--------+--------+--------+--------+--------+-----+--------+
         Total |   1913 |   1789 |    124 |      0 |   1355 |   4 |  478.2 |
       Dungeon |   1913 |   1789 |    124 |      0 |   1355 |   4 |  478.2 |
               +--------+--------+--------+--------+--------+-----+--------+

Top non-repeatable levels by time:
     D:2: 922 daAuts
     D:1: 720 daAuts
     D:4: 222 daAuts
     D:3: 48 daAuts
